 Dungeon Crawl Stone Soup version 0.29-a0-557-g43b9904bd1 (webtiles) character file.

Game seed: 1112529512750118281

331 kae the Firebug (level 6, -3/32 HPs)
             Began as a Deep Elf Fire Elementalist on June 8, 2022.
             Slain by a black bear (5 damage)
             ... on level 5 of the Dungeon.
             The game lasted 00:02:42 (4735 turns).

kae the Firebug (Deep Elf Fire Elementalist)        Turns: 4735, Time: 00:02:42

Health: -3/32      AC:  4    Str:  5    XL:     6   Next: 26%
Magic:  8/15       EV: 12    Int: 22    God:
Gold:   160        SH:  0    Dex: 15    Spells: 5/14 levels left

rFire   . . .      SeeInvis .   t - +0 hand axe (freeze)
rCold   . . .      Faith    .   (no shield)
rNeg    . . .      Spirit   .   a - +1 robe
rPois   .          Reflect  .   h - +0 helmet
rElec   .          Harm     .   (no cloak)
rCorr   +          Rampage  .   (no gloves)
Will    .....                   (no boots)
Stlth   ++........              e - amulet of regeneration
HPRegen 0.90/turn               k - ring of resist corrosion
MPRegen 0.14/turn               (no ring)

@: no status effects
A: no striking features
a: no special abilities


You were on level 5 of the Dungeon.
You visited 1 branch of the dungeon, and saw 6 of its levels.

You collected 160 gold pieces.

Inventory:

Hand Weapons
 t - a +0 hand axe of freezing (weapon)
Armour
 a - a +1 robe (worn)
 h - a +0 helmet (worn)
Jewellery
 e - an amulet of regeneration (around neck)
 k - a ring of resist corrosion (left hand)
Wands
 s - a wand of polymorph (7)
Scrolls
 l - 2 scrolls of identify
 m - a scroll of brand weapon {unknown}
 p - a scroll of poison {unknown}
 q - a scroll of amnesia {unknown}
 r - a scroll of silence {unknown}
 u - a scroll of torment {unknown}
 v - 2 scrolls of fear {unknown}
Potions
 b - a potion of magic
 c - 2 potions of heal wounds
 d - a potion of resistance
 f - a potion of berserk rage
 g - a potion of flight
 i - 2 potions of invisibility {unknown}
 j - a potion of degeneration {unknown}
 n - 2 potions of curing {unknown}
 o - 2 potions of cancellation {unknown}


   Skills:
 - Level 2.4 Dodging
 - Level 2.4 Stealth
 + Level 4.7 Spellcasting
 * Level 4.4 Conjurations
 * Level 5.5 Fire Magic


You had 5 spell levels left.
You knew the following spells:

 Your Spells              Type           Power      Damage    Failure   Level
a - Foxfire               Conj/Fire      100%       2x1d9     1%          1
b - Scorch                Fire           58%        2d8       1%          2
c - Conjure Flame         Conj/Fire      27%        6-21      4%          3
d - Inner Flame           Hex/Fire       17%        N/A       10%         3

Your spell library contained the following spells:

 Spells                   Type           Power      Damage    Failure   Level
 Flame Wave               Conj/Fire      27%        2d7       13%         4
 Blink                    Tloc           10%        N/A       16%         2
 Ensorcelled Hibernation  Hex/Ice        10%        N/A       16%         2
 Passwall                 Tmut/Erth      4%         N/A       16%         2
 Sublimation of Blood     Necr           5%         N/A       16%         2
 Wereblood                Tmut           5%         N/A       16%         2
 Swiftness                Air            5%         N/A       30%         3
 Tukima's Dance           Hex            5%         N/A       30%         3
 Passage of Golubria      Tloc           5%         N/A       71%         4
 Manifold Assault         Tloc           5%         N/A       96%         5
 Yara's Violent Unravell  Hex/Tmut       2%         3d3       96%         5
 Storm Form               Tmut/Air       2%         N/A       100%        7
 Summon Hydra             Summ           2%         N/A       100%        7


Dungeon Overview and Level Annotations

Branches:
Dungeon (6/15)
 Temple: D:4-7

Altars:
Zin

Annotations:
D:3 3 runed translucent doors, QuickerDeath's ghost, amateur HuNe


Message History

Found an amulet of regeneration.
A black bear comes into view.
Casting: Foxfire (safe; 1% risk of failure)
Confirm with . or Enter, or press ? or * to list all spells.
Flames lash the black bear.
The black bear is heavily wounded.
The black bear's fire resistance burns away.
The black bear closely misses you. The black bear barely misses you.
The black bear claws you but does no damage.
Casting: Scorch (safe; 1% risk of failure)
Confirm with . or Enter, or press ? or * to list all spells.
Flames lash the black bear.
The black bear is burned terribly!
The black bear is almost dead.
The black bear goes berserk!
The black bear misses you. x2; The black bear barely misses you.
The black bear barely misses you. The black bear closely misses you.
The black bear claws you but does no damage.
Casting: Scorch (safe; 1% risk of failure)
Confirm with . or Enter, or press ? or * to list all spells.
Flames lash the black bear.
The black bear is heavily wounded.
The black bear's fire resistance burns away.
The black bear barely misses you.
The black bear claws you but does no damage.
The black bear misses you. The black bear bites you!
The black bear barely misses you. The black bear claws you.
The black bear bites you but does no damage.
The black bear claws you but does no damage.
The black bear barely misses you.
Casting: Scorch (safe; 1% risk of failure)
Confirm with . or Enter, or press ? or * to list all spells.
Flames lash the black bear.
The black bear is burned terribly!
The black bear is almost dead.
The black bear bites you! The black bear claws you.
The black bear claws you but does no damage.
The black bear bites you!
* * * LOW HITPOINT WARNING * * *
The black bear claws you.
You die...

####### #...@.#
#.###h# #h#
.........."....
.......#..#....
..#.... ..# ##
####. ..# ..
..# ## ...


You could see 2 black bears.

Vanquished Creatures
  An ogre (D:4)
  A howler monkey (D:6)
  Jessica (D:2)
  An iguana (D:6)
  An orc wizard (D:4)
  An adder (D:2)
  A worm (D:4)
  4 dart slugs
  7 orcs
  12 ball pythons
  9 endoplasms
  6 giant cockroaches
  7 goblins
  7 hobgoblins
  7 jackals
  3 kobolds
  4 quokkas
  13 bats
  2 frilled lizards
  6 rats
94 creatures vanquished.

Vanquished Creatures (collateral kills)
  A foxfire (D:3)
1 creature vanquished.

Vanquished Creatures (others)
  267 foxfires
  7 plants (D:3)
274 creatures vanquished.

Grand Total: 369 creatures vanquished

Notes
Turn   | Place    | Note
-------+----------+-------------------------------------------
     0 | D:1      | kae the Deep Elf Fire Elementalist began the quest for the
                  | Orb.
     0 | D:1      | Reached XP level 1. HP: 10/10 MP: 6/6
    32 | D:1      | Found a faded altar of an unknown god.
   423 | D:1      | Reached XP level 2. HP: 5/15 MP: 6/8
   674 | D:1      | Learned a level 2 spell: Scorch
  1293 | D:1      | Reached XP level 3. HP: 19/19 MP: 7/9
  1340 | D:1      | Learned a level 3 spell: Conjure Flame
  1788 | D:1      | Reached skill level 4 in Fire Magic
  2071 | D:2      | Learned a level 3 spell: Inner Flame
  2222 | D:2      | Noticed Jessica
  2225 | D:2      | Killed Jessica
  2226 | D:2      | Reached XP level 4. HP: 15/24 MP: 6/11
  3330 | D:3      | Found a runed translucent gate.
  3339 | D:3      | Found a runed translucent gate.
  3340 | D:3      | Found a runed translucent gate.
  3342 | D:3      | Noticed QuickerDeath's ghost (amateur HuNe)
  4056 | D:4      | Noticed an ogre
  4128 | D:4      | Reached XP level 5. HP: 28/28 MP: 8/13
  4267 | D:4      | Killed an ogre
  4268 | D:4      | Reached skill level 5 in Fire Magic
  4508 | D:4      | Reached XP level 6. HP: 32/32 MP: 12/14
  4551 | D:4      | Found a glowing silver altar of Zin.
  4599 | D:4      | You fall into a shaft and drop 2 floors!
  4684 | D:6      | Noticed a steam dragon
  4725 | D:5      | Entered Level 5 of the Dungeon
  4735 | D:5      | Slain by a black bear

Illustrated notes

Levels and vault maps discovered:
D:1:      dpeg_arrival_erosion, layout_loops_corners, serial_aquarium,
          aquarium_bridge_square [aquarium_subvault_balcony,
          aquarium_subvault_window, aquarium_subvault_bridge,
          aquarium_subvault_window], aquarium_bridge_long_separate
          [aquarium_subvault_bridge, aquarium_subvault_wall,
          aquarium_subvault_bridge, aquarium_subvault_wall,
          aquarium_subvault_bridge, aquarium_subvault_wall],
          aquarium_window_corner, aquarium_window_1, aquarium_window_corner,
          aquarium_window_fake, aquarium_view_2f, aquarium_balcony_5b,
          aquarium_pool_split, shapermc_ecumenical_altar_venn,
          hangedman_decor_push
D:2:      cheibrodos_helix_gallery, layout_loops_ring, minmay_tiny_reverse_x,
          uniq_jessica
D:3:      layout_loops_ring, gammafunk_ghost_split, serial_forest,
          infiniplex_forest_lined_2, infiniplex_forest_lined_room_3,
          infiniplex_forest_straight_3, infiniplex_forest_lined_3,
          infiniplex_forest_lined_2, infiniplex_forest_clump_medium,
          infiniplex_forest_end_3
D:4:      layout_rooms, zin_academy, chequers_garden, uniq_grinder,
          uniq_eustachio
D:5:      layout_basic, minmay_temple_entry_steel_oval,
          kennysheep_generic_room_15
D:6:      layout_cave_pools, serial_co_window_serial, co_window_cross_1,
          co_window_of_opportunity_a, co_window_paths_a, co_window_paths_a,
          co_window_of_opportunity_a, co_window_2corner,
          co_window_of_opportunity_c, co_window_paths_c,
          co_window_unsneaky_path_c, co_window_paths_c, co_window_paths_e,
          glass_columns_a, glass_columns_b, glass_columns_a, glass_columns_b,
          glass_columns_b, grunt_ministairs_5, uniq_maggie

Skill      XL: |  1  2  3  4  5 |
---------------+----------------+-----
Conjurations   | 2 3 4 |  4.4
Fire Magic     | 4 5 |  5.5
Spellcasting   | 4 |  4.7
Dodging        | |  2.4
Stealth        | |  2.4

Action                   |  1- 3 |  4- 6 || total
-------------------------+-------+-------++-------
Melee: Unarmed           |       |     2 ||     2
 Cast: Foxfire           |    68 |    91 ||   159
       Scorch            |     6 |    14 ||    20
       Conjure Flame     |       |     1 ||     1
  Use: Scroll            |     4 |     5 ||     9
Armor: Robe              |       |    15 ||    15
Dodge: Dodged            |     5 |    30 ||    35

Table legend: (Time is in decaauts)
 A = Elapsed time spent in this place.
 B = Non-inter-level travel time spent in this place.
 C = Inter-level travel time spent in this place.
 D = Time resting spent in this place.
 E = Time spent auto-exploring this place.
 F = Levels seen in this place.
 G = Mean time per level.
                   A        B        C        D        E       F      G
               +--------+--------+--------+--------+--------+-----+--------+
         Total |   4733 |   4596 |    137 |    197 |   3756 |   6 |  788.8 |
       Dungeon |   4733 |   4596 |    137 |    197 |   3756 |   6 |  788.8 |
               +--------+--------+--------+--------+--------+-----+--------+

Top non-repeatable levels by time:
     D:1: 2066 daAuts
     D:2: 995 daAuts
     D:3: 993 daAuts
     D:4: 542 daAuts
     D:6: 125 daAuts
     D:5: 9 daAuts
